 Dungeon Crawl Stone Soup version 0.24-a0-443-g80245de385 (console) character file.

Game seed: 233534330005307787

998 Lexodia the Skirmisher (level 8, -8/62 HPs)
             Began as a Demonspawn Berserker on June 21, 2019.
             Was a Priest of Trog.
             Mangled by a gnoll
             ... wielding a +0 halberd
              (18 damage)
             ... on level 7 of the Dungeon.
             The game lasted 00:06:54 (2973 turns).

Lexodia the Skirmisher (Demonspawn Berserker)       Turns: 2973, Time: 00:06:54

Health: -8/62      AC:  2    Str: 18    XL:     8   Next: 0%
Magic:  8/8        EV: 14    Int:  9    God:    Trog [***...]
Gold:   128        SH:  0    Dex: 14    Spells: 7/7 levels left

rFire    . . .     SeeInvis .   a - +0 spear
rCold    . . .     Gourm    .   (no shield)
rNeg     . . .     Faith    .   b - +0 animal skin
rPois    .         Spirit   .   (helmet restricted)
rElec    .         Reflect  .   (no cloak)
rCorr    .         Harm     .   (no gloves)
MR       .....                  (no boots)
Stlth    +.........             (no amulet)
HPRegen  0.20/turn              (no ring)
MPRegen  0.11/turn              (no ring)

@: berserk cooldown, slowed, very slow
A: claws 1, hooves 1, horns 2
a: Berserk, Trog's Hand, Renounce Religion


You were on level 7 of the Dungeon.
You worshipped Trog.
Trog was most pleased with you.
You were near starving.

You visited 1 branch of the dungeon, and saw 5 of its levels.

You collected 128 gold pieces.

Inventory:

Hand Weapons
 a - a +0 spear (weapon)
Missiles
 x - 24 poisoned darts (quivered)
 y - 8 boomerangs
Armour
 b - a +0 animal skin (worn)
 e - a +0 helmet
Jewellery
 i - an uncursed amulet of the acrobat {unknown}
Scrolls
 d - 3 scrolls of remove curse {unknown}
 f - 4 scrolls of identify {unknown}
 g - a scroll of noise {unknown}
 j - a scroll of fear {unknown}
 k - 2 scrolls of amnesia {unknown}
 p - 2 scrolls of teleportation {unknown}
 s - a scroll of enchant armour {unknown}
 t - 2 scrolls of blinking {unknown}
 v - a scroll of immolation {unknown}
Potions
 h - a potion of degeneration {unknown}
 l - a potion of agility {unknown}
 m - 2 potions of brilliance {unknown}
 n - 3 potions of heal wounds {unknown}
 o - 2 potions of haste {unknown}
 q - a potion of resistance {unknown}
 r - 2 potions of lignification {unknown}
 u - a potion of curing
 w - a potion of might {unknown}
 A - a potion of flight {unknown}
Comestibles
 c - 7 rations


   Skills:
 + Level 5.1 Fighting
 - Level 4.4 Polearms
 + Level 2.3 Throwing
 - Level 4.0 Armour
 - Level 4.1 Dodging
 + Level 2.4 Unarmed Combat


You had 7 spell levels left.
You didn't know any spells.
Your spell library was empty.

Dungeon Overview and Level Annotations

Branches:
Dungeon (4/15)
 Temple: D:4-7

Altars:


Innate Abilities, Weirdness & Mutations

You have sharp fingernails.
You have large cloven feet.
You have a pair of horns on your head.


Message History

The gnoll hits you.
* * * LOW HITPOINT WARNING * * *
The freed slave hits the orc warrior.
The gnoll hits you from afar with a +0 halberd!
* * * LOW HITPOINT WARNING * * *
Huge Dmg: -28%(-17hp) hp: 2%(1hp)
Okay, then.
The orc warrior closely misses something.
Something hits the orc warrior but does no damage.
The gnoll misses you. The gnoll barely misses you.
The gnoll closely misses you. The gnoll closely misses you.
The gnoll barely misses you.
The gnoll hits you from afar with a +0 spear.
* * * LOW HITPOINT WARNING * * *
Huge Dmg: -2%(-1hp) hp: 2%(1hp)
Okay, then.
You feel better. The gnoll misses you. The gnoll barely misses you.
The gnoll closely misses you.
The gnoll hits you from afar with a +0 halberd!!
You die...

#.......#.......# ....#
##.....#.......## ##.p.# ##
#.....#......######.o...
#.###...........##.........
##...............##.........
##......###...........##[....
.........#............####g..
.....>.......g#.......###..g.
..##..##....@.gg.......#..)..
..#...##....g##.......###.##.
.......##......##....# #. ##
.##.....#)............# #.
......................#..
##..............##.......
###........#.####.......
.........#..#.# .......
.........#....#


You could see 4 gnolls.

Vanquished Creatures
  Pikel (D:7)
  Sigmund (D:2)
  A bullfrog (D:7)
  A crimson imp (D:7)
  A hound (D:7)
  A centaur skeleton (D:7)
  An orc wizard (D:7)
  Natasha (thrice) (D:2)
  A hound zombie (D:7)
  5 adders
  A dart slug (D:1)
  3 leopard geckos
  12 orcs
  3 giant cockroaches (D:2)
  7 goblins
  6 hobgoblins
  10 jackals
  A quokka (D:2)
  4 bats
  2 frilled lizards
  7 kobolds
  7 rats
79 creatures vanquished.

Vanquished Creatures (others)
  4 slaves (D:7)
4 creatures vanquished.

Grand Total: 83 creatures vanquished

Notes
Turn   | Place    | Note
-------+----------+-------------------------------------------
     0 | D:1      | Lexodia the Demonspawn Berserker began the quest for the
                  | Orb.
     0 | D:1      | Reached XP level 1. HP: 18/18 MP: 1/1
    16 | D:1      | Huge Dmg: 4 dmg
    22 | D:1      | Huge Dmg: 2 dmg
    36 | D:1      | Huge Dmg: 5 dmg
   337 | D:1      | Gained mutation: You have large cloven feet. [demonic
                  | ancestry]
   337 | D:1      | Reached XP level 2. HP: 24/24 MP: 2/2
   395 | D:1      | Huge Dmg: 5 dmg
   492 | D:1      | Huge Dmg: 5 dmg
   600 | D:1      | Gained mutation: You have a pair of small horns on your
                  | head. [demonic ancestry]
   600 | D:1      | Reached XP level 3. HP: 29/29 MP: 3/3
   604 | D:1      | Reached ** piety under Trog
   970 | D:2      | Noticed Natasha
   973 | D:2      | Huge Dmg: 7 dmg
   975 | D:2      | Huge Dmg: 7 dmg
   975 | D:2      | Killed Natasha
   986 | D:2      | Huge Dmg: 9 dmg
  1129 | D:2      | Gained mutation: You have a pair of horns on your head.
                  | [demonic ancestry]
  1129 | D:2      | Reached XP level 4. HP: 35/35 MP: 4/4
  1161 | D:2      | Noticed Natasha
  1164 | D:2      | Huge Dmg: 6 dmg
  1170 | D:2      | Killed Natasha
  1181 | D:2      | Huge Dmg: 7 dmg
  1461 | D:2      | Noticed Natasha
  1467 | D:2      | Huge Dmg: 8 dmg
  1470 | D:2      | Killed Natasha
  1470 | D:2      | Reached XP level 5. HP: 31/42 MP: 5/5
  1476 | D:2      | Noticed Sigmund
  1492 | D:2      | Killed Sigmund
  1492 | D:2      | Reached skill level 4 in Fighting
  1492 | D:2      | Gained mutation: You have sharp fingernails. [demonic
                  | ancestry]
  1492 | D:2      | Reached XP level 6. HP: 44/48 MP: 6/6
  1497 | D:2      | Huge Dmg: 15 dmg
  2630 | D:4      | You fall into a shaft and drop 3 floors!
  2659 | D:7      | Huge Dmg: 4 dmg
  2659 | D:7      | Reached skill level 1 in Unarmed Combat
  2663 | D:7      | Reached *** piety under Trog
  2663 | D:7      | Reached skill level 1 in Throwing
  2667 | D:7      | Huge Dmg: 4 dmg
  2937 | D:7      | Noticed a slave
  2937 | D:7      | Noticed a slave
  2937 | D:7      | Noticed a slave
  2938 | D:7      | Noticed Pikel
  2939 | D:7      | Noticed a slave
  2940 | D:7      | Noticed an orc warrior
  2945 | D:7      | Reached XP level 7. HP: 55/55 MP: 7/7
  2948 | D:7      | Huge Dmg: 22 dmg
  2950 | D:7      | Huge Dmg: 8 dmg
  2950 | D:7      | Killed Pikel
  2950 | D:7      | Reached skill level 5 in Fighting
  2955 | D:7      | Huge Dmg: 6 dmg
  2956 | D:7      | Reached XP level 8. HP: 24/62 MP: 8/8
  2960 | D:7      | Huge Dmg: 8 dmg
  2965 | D:7      | HP: 1/62 [gnoll/+0 halberd (15)]
  2966 | D:7      | Huge Dmg: 17 dmg
  2971 | D:7      | HP: 1/62 [gnoll/+0 spear (2)]
  2972 | D:7      | Huge Dmg: 1 dmg
  2973 | D:7      | Mangled by a gnoll

Levels and vault maps discovered:
D:1:      sevenhm_arrival_forest_fort_large_4, layout_basic
D:2:      layout_rooms, uniq_natasha, uniq_sigmund
D:3:      layout_basic, kennysheep_generic_room_13
D:4:      layout_rooms, lemuel_round_altar, minmay_temple_entry_fiery,
          saegor_snake_ambush
D:7:      layout_cave_pools, serial_shops, shop, gammafunk_ghost_grave,
          fedhas_altar_3, uniq_pikel

Skill      XL: |  1  2  3  4  5  6  7 |
---------------+----------------------+-----
Dodging        | 2 3 4 |  4.1
Polearms       | 3 4 |  4.4
Armour         | 2 3 4 |  4.0
Fighting       | 4 5 |  5.1
Unarmed Combat | 1 2 |  2.4
Throwing       | 1 2 |  2.3

Action                   |  1- 3 |  4- 6 |  7- 9 || total
-------------------------+-------+-------+-------++-------
Melee: Spear             |    83 |   132 |    11 ||   226
       Kick              |     6 |    20 |     3 ||    29
       Headbutt          |     1 |    19 |     1 ||    21
Invok: Berserk           |     1 |     4 |       ||     5
       Trog's Hand       |       |     1 |       ||     1
  Use: Potion            |       |       |     1 ||     1
 Stab: Sleeping          |     1 |       |       ||     1
  Eat: Chunk             |     2 |     8 |       ||    10
Armor: Animal skin       |    10 |     8 |     1 ||    19
Dodge: Dodged            |    35 |    81 |    21 ||   137

Table legend:
 A = Non-vault XP
 B = Vault XP
 C = Vault XP percentage of total XP
 D = Non-vault monster count
 E = Vault monster count
 F = Vault count percentage of total count
                 A         B        C        D         E       F
            +---------+---------+-------+---------+---------+-------
      Total |     539 |     887 |  62.2 |      75 |       3 |   3.8
            +---------+---------+-------+---------+---------+-------
        D:1 |      48 |       0 |   0.0 |      27 |       0 |   0.0
        D:2 |     126 |     258 |  67.2 |      22 |       2 |   8.3
        D:3 |      33 |       0 |   0.0 |      10 |       0 |   0.0
        D:4 |      22 |       0 |   0.0 |       4 |       0 |   0.0
        D:7 |     310 |     629 |  67.0 |      12 |       1 |   7.7
            +---------+---------+-------+---------+---------+-------
